 Dungeon Crawl Stone Soup version 0.27.0-1-g7a089689b8 (webtiles) character file.

Game seed: 15976334545418851702

3724 muata the Thaumaturge (level 9, -2/62 HPs)
             Began as a Black Draconian Conjurer on Aug 10, 2021.
             Was an Initiate of Vehumet.
             Slain by a wolf (5 damage)
             ... led by Grum
             ... on level 9 of the Dungeon on Aug 14, 2021.
             The game lasted 00:43:27 (10275 turns).

muata the Thaumaturge (Black Draconian Conjurer)   Turns: 10275, Time: 00:43:27

Health: -2/62      AC: 13    Str:  9    XL:     9   Next: 92%
Magic:  13/21      EV: 12    Int: 21    God:    Vehumet [......]
Gold:   488        SH:  0    Dex: 11    Spells: 12/24 levels left

rFire    . . .     SeeInvis .   n - +3 morningstar (drain)
rCold    . . .     Faith    .   (no shield)
rNeg     . . .     Spirit   .   (armour unavailable)
rPois    .         Reflect  .   l - +2 hat
rElec    +         Harm     .   (no cloak)
rCorr    .         Rampage  .   e - +0 pair of gloves
Will     .....                  y - +2 pair of boots
Stlth    ++........             (no amulet)
HPRegen  0.20/turn              A - ring of flight
MPRegen  0.17/turn              (no ring)

@: flying
A: breathe lightning, AC +7, unfitting armour, electricity resistance,
cold-blooded
a: Breathe Lightning, Renounce Religion


You were on level 9 of the Dungeon.
You worshipped Vehumet.
Vehumet was noncommittal.
You visited 2 branches of the dungeon, and saw 11 of its levels.

You collected 488 gold pieces.

Inventory:

Hand Weapons
 a - a +0 short sword
 n - a +3 morningstar of draining (weapon)
 G - the +9 dagger of Mayhem {antimagic, rPois Dex+3}
   (You found it on level 9 of the Dungeon)

   It reduces the magical energy of the wielder, and disrupts the spells and
   magical abilities of those it strikes.
   Natural abilities and divine invocations are not affected.
   Dex:       It affects your dexterity (+3).
   rPois:     It protects you from poison.
Missiles
 F - 2 throwing nets
Armour
 e - a +0 pair of gloves (worn)
 l - a +2 hat (worn)
 y - a +2 pair of boots (worn)
Magical Staves
 s - a staff of cold
Jewellery
 f - a ring of protection from fire
 r - a ring of protection from cold
 A - a ring of flight (left hand)
Wands
 k - a wand of flame (21) (quivered)
 t - a wand of iceblast (21)
 x - a wand of mindburst (12)
 C - a wand of acid (6)
Scrolls
 b - 3 scrolls of amnesia
 c - a scroll of immolation {unknown}
 d - 3 scrolls of teleportation {unknown}
 g - 3 scrolls of identify
 i - 2 scrolls of enchant armour {unknown}
 j - a scroll of fog
 q - a scroll of magic mapping
 B - a scroll of acquirement {unknown}
 D - a scroll of vulnerability {unknown}
Potions
 h - a potion of curing
 m - a potion of flight {unknown}
 o - a potion of cancellation {unknown}
 p - 2 potions of heal wounds {unknown}
 u - 3 potions of might {unknown}
 w - 2 potions of haste {unknown}
 z - 2 potions of magic {unknown}
 E - 3 potions of brilliance {unknown}
 H - a potion of degeneration {unknown}


   Skills:
 - Level 1.7 Dodging
 - Level 1.7 Stealth
 - Level 8.3 Spellcasting
 - Level 7.2 Conjurations
 + Level 4.3 Hexes
 - Level 6.2 Summonings
 + Level 4.7 Ice Magic


You had 12 spell levels left.
You knew the following spells:

 Your Spells              Type           Power      Damage    Failure   Level
a - Magic Dart            Conj           100%       1d8       1%          1
b - Searing Ray           Conj           78%        3d6       1%          2
c - Call Imp              Summ           35%        N/A       1%          2
d - Dazzling Flash        Conj/Hex       66%        N/A       2%          3
e - Summon Ice Beast      Ice/Summ       32%        N/A       8%          4

Your spell library contained the following spells:

 Spells                   Type           Power      Damage    Failure   Level
 Slow                     Hex            26%        N/A       1%          2
 Confusing Touch          Hex            26%        N/A       4%          3
 Fulminant Prism          Conj/Hex       16%        3d11      7%          4
 Mephitic Cloud           Conj/Pois/Air  18%        N/A       9%          3
 Iskenderun's Mystic Bla  Conj/Tloc      23%        2d6       17%         4
 Vampiric Draining        Necr           4%         2d6       22%         3
 Summon Mana Viper        Hex/Summ       31%        N/A       24%         5
 Fireball                 Conj/Fire      11%        3d7       43%         5
 Blade Hands              Tmut           4%         N/A       91%         5
 Iron Shot                Conj/Erth      11%        9d3       95%         6
 Starburst                Conj/Fire      11%        8x6d5     95%         6
 Monstrous Menagerie      Summ           17%        N/A       99%         7
 Ignition                 Fire           4%         3d4       100%        8
 Animate Armour           Summ/Erth      Unusable   N/A       N/A         4

Dungeon Overview and Level Annotations

Branches:
Dungeon (10/15)            Temple (1/1) D:6
   Lair: D:8-11         Orc: D:9-12

Altars:
Ashenzari
Cheibriados
Dithmenos
Elyvilon
Fedhas
Gozag
Hepliaklqana
Kikubaaqudgha
Makhleb
Okawaru
Qazlal
Ru
Sif Muna
Trog
Vehumet
Wu Jian
Xom
Yredelemnul
Zin
The Shining One

Shops:
D:2 *

Annotations:
D:9 Grum


Innate Abilities, Weirdness & Mutations

You can breathe wild blasts of lightning.
Your glossy black scales are hard. (AC +7)
You cannot fit into any form of body armour.
You are resistant to electric shocks. (rElec)
You are cold-blooded and may be slowed by cold attacks.


Message History

The wolf barely misses you. The wolf bites you.
* * * LOW HITPOINT WARNING * * *
The wolf bites you but does no damage.
Casting: Searing Ray (safe; 1% risk of failure)
Confirm with . or Enter, or press ? or * to list all spells.
Aiming: Searing Ray (safe; 1% risk of failure)
Press: ? - help, Shift-Dir - straight line The searing ray misses the wolf. (Press . to maintain the ray.)
The wolf bites you.
* * * LOW HITPOINT WARNING * * *
The wolf misses you.
The searing ray hits the wolf.
The wolf is lightly wounded.
The wolf bites you.
* * * LOW HITPOINT WARNING * * *
The searing ray misses the wolf.
The searing ray hits Grum!
Grum is moderately wounded.
The wolf bites you.
* * * LOW HITPOINT WARNING * * *
The wolf completely misses you.
Casting: Searing Ray (safe; 1% risk of failure)
Confirm with . or Enter, or press ? or * to list all spells.
Restarting spell: Searing Ray (safe; 1% risk of failure)
Press: ? - help, Shift-Dir - straight line The searing ray misses the wolf.
The searing ray misses Grum. (Press . to maintain the ray.)
The wolf howls!
The wolf misses you. The wolf bites you but does no damage. The wolf bites you.
* * * LOW HITPOINT WARNING * * *
The wolf bites you.
* * * LOW HITPOINT WARNING * * *
The wolf misses you. The wolf barely misses you.
The wolf bites you but does no damage. The wolf closely misses you.
The wolf bites you.
* * * LOW HITPOINT WARNING * * *
The wolf bites you.
You die...

..#'#....#.....#.#......
..#......#.....#.#......
.........'.....#.#......
.8.......#.....#.#......
.........#######.#......
..#....g.........#......
..#..............######+
.####....hh...............
#........@................
#.........................
#.........................
####+###.........................
.....................#######.....
.....................# #.....
.................##### #.....
.................# #....>
.................# #.....


You could see Grum and 2 wolves.

Vanquished Creatures
  The ghost of Spaninq the Cruncher, a novice FoGl (D:6)
  A centaur zombie (D:10)
  2 vampire mosquitoes (D:10)
  Edmund (D:4)
  An acid dragon (D:10)
  2 water moccasins
  2 orc warriors
  A sky beast (D:5)
  2 necrophages (D:5)
  2 ogres
  A phantom (D:4)
  A centaur (D:9)
  A kobold brigand (D:9)
  3 scorpions
  2 howler monkeys
  A jelly (D:6)
  3 orc priests
  2 bullfrog skeletons (D:5)
  A gnoll shaman (D:6)
  A bullfrog zombie (D:5)
  A centaur skeleton (D:5)
  3 hounds
  3 orc wizards
  2 iguanas
  A hound skeleton (D:4)
  A howler monkey zombie (D:10)
  6 adders
  8 gnolls
  An ufetubus (D:5)
  2 adder skeletons (D:4)
  An adder zombie (D:5)
  5 worms
  A dart slug (D:1)
  8 orcs
  12 ball pythons
  12 endoplasms
  4 giant cockroaches
  8 goblins
  7 hobgoblins
  A jackal (D:2)
  9 kobolds
  2 quokkas
  4 bats
  5 frilled lizards
  4 rats
142 creatures vanquished.

Vanquished Creatures (collateral kills)
  A hornet (D:9)
  2 yaks (D:9)
  A water moccasin (D:9)
  A centaur skeleton (D:4)
  An adder (D:5)
  A shadow imp (D:5)
  An adder skeleton (D:4)
  An orc (D:9)
  A goblin (D:4)
10 creatures vanquished.

Vanquished Creatures (others)
  2 plants (D:5)
2 creatures vanquished.

Grand Total: 154 creatures vanquished

Notes
Turn   | Place    | Note
-------+----------+-------------------------------------------
     0 | D:1      | muata the Draconian Conjurer began the quest for the Orb.
     0 | D:1      | Reached XP level 1. HP: 14/14 MP: 3/3
   288 | D:1      | Reached XP level 2. HP: 20/20 MP: 1/5
   587 | D:1      | Found a faded altar of an unknown god.
   587 | D:1      | Noticed a rust devil
  1499 | D:2      | Reached XP level 3. HP: 23/26 MP: 4/7
  1738 | D:2      | Reached skill level 3 in Spellcasting
  2017 | D:2      | Reached XP level 4. HP: 33/33 MP: 3/8
  2453 | D:2      | Found Heanar's Assorted Antiques.
  2534 | D:2      | Reached skill level 5 in Conjurations
  3086 | D:3      | Learned a level 2 spell: Searing Ray
  3339 | D:3      | Reached XP level 5. HP: 38/38 MP: 10/10
  3981 | D:4      | Noticed an ogre
  3986 | D:4      | Killed an ogre
  3987 | D:4      | Reached skill level 4 in Spellcasting
  4113 | D:4      | Reached XP level 6. HP: 45/45 MP: 3/12
  4668 | D:4      | Noticed a water moccasin
  4675 | D:4      | Killed a water moccasin
  4676 | D:4      | Reached skill level 5 in Spellcasting
  4676 | D:4      | Your scales start taking on a glossy black colour.
  4676 | D:4      | Reached XP level 7. HP: 46/50 MP: 6/14
  4676 | D:4      | Gained mutation: You are resistant to electric shocks.
                  | (rElec) [Black Draconian growth]
  4754 | D:4      | Noticed Edmund
  4762 | D:4      | Killed Edmund
  5015 | D:4      | Learned a level 2 spell: Call Imp
  5623 | D:5      | Entered Level 5 of the Dungeon
  5662 | D:5      | Reached skill level 6 in Spellcasting
  5662 | D:5      | Reached skill level 1 in Summonings
  5793 | D:5      | Reached XP level 8. HP: 57/57 MP: 12/17
  6150 | D:5      | Found a shimmering blue altar of Sif Muna.
  6296 | D:5      | Reached skill level 7 in Spellcasting
  6409 | D:5      | Learned a level 3 spell: Dazzling Flash
  6929 | D:6      | Found a runed translucent door.
  6929 | D:6      | Noticed Spaninq's ghost (novice FoGl)
  7483 | D:6      | Found a snail-covered altar of Cheibriados.
  7502 | D:6      | Found a staircase to the Ecumenical Temple.
  7512 | Temple   | Entered the Ecumenical Temple
  7778 | Temple   | Became a worshipper of Vehumet
  7906 | D:6      | Reached skill level 5 in Summonings
  8003 | D:6      | HP: 1/57 [poisoned by an orc warrior]
  8406 | D:6      | Killed Spaninq's ghost
  8407 | D:6      | Reached skill level 8 in Spellcasting
  8407 | D:6      | Reached XP level 9. HP: 20/62 MP: 11/21
  8489 | D:6      | Learned a level 4 spell: Summon Ice Beast
  8944 | D:7      | You are sucked into a shaft and drop 2 floors!
  9002 | D:10     | Entered Level 10 of the Dungeon
  9007 | D:10     | Found an ornate altar of the Wu Jian Council.
  9115 | D:10     | Reached skill level 1 in Hexes
  9115 | D:10     | Reached skill level 1 in Ice Magic
  9437 | D:9      | Identified the +9 dagger of Mayhem {antimagic, rPois Dex+3}
  9482 | D:9      | Paralysed by a hornet for 2 turns
 10228 | D:9      | Noticed Grum
 10273 | D:9      | HP: 3/62 [wolf[Grum] (2)]
 10275 | D:9      | Slain by a wolf

Illustrated notes

Levels and vault maps discovered:
D:1:      psy_arrival_radial01, layout_basic,
          dreamdust_ecumenical_altar_sealed_demon, chequers_decorated_corner,
          minmay_misc_feat_columns, minmay_pentomino_o2
D:2:      layout_basic, serial_shops, shop, kennysheep_small_spiral,
          minmay_misc_feat_encased, minmay_quantized
D:3:      layout_loops_corners, kennysheep_decorative_pillar
D:4:      layout_basic, nrook_mini_vaults, hangedman_minor_gate_pass,
          uniq_edmund
D:5:      layout_loops_ring, kennysheep_mini, serial_bayou_pond_b,
          chequers_serial_rivers_micro_c, minmay_chambers_of_fives
D:6:      layout_basic, mainiacjoe_overflow_six_doors_small, temple_green,
          hellmonk_ghost_happy_afterlife
D:7:      layout_loops_cross, st_stairs_12
D:8:      layout_cave_pods, gammafunk_temple_overflow_wave
D:9:      layout_irregular_city, david_orc_2, uniq_grum
D:10:     kennysheep_blocky_hall, layout_loops_corners,
          nzn_wu_jian_contemplation, david_lair_generic, minmay_st_funbox,
          nrook_pool_corridor
Temple:   minmay_crystal_spiral_temple

Skill      XL: |  1  2  3  4  5  6  7  8  9 |
---------------+----------------------------+-----
Spellcasting   | 3 4 5 6 8 |  8.3
Conjurations   | 5 6 7 |  7.2
Summonings     | 2 6 |  6.2
Hexes          | 4 |  4.3
Ice Magic      | 4 |  4.7
Dodging        | |  1.7
Stealth        | |  1.7

Action                   |  1- 3 |  4- 6 |  7- 9 || total
-------------------------+-------+-------+-------++-------
Melee: Short sword       |    15 |       |       ||    15
       Tailslap          |     2 |     1 |     9 ||    12
       Morningstar       |     1 |    24 |    78 ||   103
 Cast: Magic Dart        |    75 |   101 |    98 ||   274
       Searing Ray       |       |     3 |    42 ||    45
       Call Imp          |       |       |    21 ||    21
       Dazzling Flash    |       |       |     2 ||     2
       Summon Ice Beast  |       |       |     4 ||     4
 Abil: Breathe Lightning |       |       |     4 ||     4
  Use: Scroll            |       |       |     8 ||     8
       Potion            |       |       |     2 ||     2
 Stab: Invisible         |       |       |     1 ||     1
Armor: Skin              |       |    17 |   135 ||   152
Dodge: Dodged            |     7 |    21 |   176 ||   204
